 Dungeon Crawl Stone Soup version 0.29.1-1-gd02db6906a (webtiles) character file.

Game seed: 11047176158419467296

399 hikkokomori the Gusty (level 6, -5/56 HPs)
             Began as a Draconian Air Elementalist on Oct 6, 2022.
             Was an Initiate of Vehumet.
             Slain by Duvessa
             ... wielding a +0 short sword
              (13 damage)
             ... on level 4 of the Dungeon.
             The game lasted 00:08:36 (4689 turns).

hikkokomori the Gusty (Draconian Air Elementalist)  Turns: 4689, Time: 00:08:36

Health: -5/56      AC:  6    Str: 11    XL:     6   Next: 53%
Magic:  0/9        EV: 12    Int: 17    God:    Vehumet [......]
Gold:   133        SH:  0    Dex: 11    Spells: 6/9 levels left

rFire   . . .      SeeInvis .   c - +0 short sword
rCold   . . .      Faith    .   (no shield)
rNeg    . . .      Spirit   .   (body armour unavailable)
rPois   .          Reflect  .   (helmet restricted)
rElec   .          Harm     .   (no cloak)
rCorr   .          Rampage  .   (no gloves)
Will    .....                   (no boots)
Stlth   ++........              (no amulet)
HPRegen 0.18/turn               (no ring)
MPRegen 0.11/turn               (no ring)

@: hasted, very quick
A: AC +6, unfitting armour, cold-blooded
a: Renounce Religion


You were on level 4 of the Dungeon.
You worshipped Vehumet.
Vehumet was noncommittal.
You visited 2 branches of the dungeon, and saw 6 of its levels.

You collected 133 gold pieces.

Inventory:

Hand Weapons
 c - a +0 short sword (weapon)
Armour
 p - a +0 helmet
Jewellery
 q - a ring of fire
Scrolls
 b - 3 scrolls of identify {unknown}
 d - a scroll of silence {unknown}
 e - a scroll of teleportation {unknown}
 g - a scroll of amnesia {unknown}
 k - a scroll of enchant weapon {unknown}
 m - a scroll of fog {unknown}
 n - a scroll of noise {unknown}
 r - 2 scrolls of fear {unknown}
 t - a scroll of brand weapon {unknown}
Potions
 a - 2 potions of magic
 f - a potion of haste
 h - a potion of degeneration {unknown}
 i - 2 potions of attraction {unknown}
 j - 2 potions of mutation {unknown}
 l - 2 potions of cancellation
 o - a potion of heal wounds {unknown}
 s - a potion of ambrosia {unknown}


   Skills:
 + Level 5.0 Fighting
 - Level 1.7 Dodging
 - Level 1.7 Stealth
 - Level 2.0 Spellcasting
 + Level 1.4 Conjurations
 + Level 5.5 Air Magic


You had 6 spell levels left.
You knew the following spells:

 Your Spells              Type           Power      Damage    Failure   Level
a - Shock                 Conj/Air       52%        1d6       4%          1
b - Static Discharge      Conj/Air       13%        3-5/arc   7%          2

Your spell library contained the following spells:

 Spells                   Type           Power      Damage    Failure   Level
 Swiftness                Air            20%        N/A       6%          3
 Poisonous Vapours        Pois/Air       22%        N/A       10%         2
 Sting                    Tmut/Pois      4%         1d3       19%         1
 Airstrike                Air            10%        2d(2-18)  19%         4
 Sticky Flame             Conj/Fire      4%         2d3       82%         4
 Dispel Undead            Necr           1%         3d6       88%         4
 Olgreb's Toxic Radiance  Pois           1%         N/A       88%         4


Dungeon Overview and Level Annotations

Branches:
Dungeon (5/15)             Temple (1/1) D:4

Altars:
Ashenzari
Cheibriados
Dithmenos
Elyvilon
Fedhas
Hepliaklqana
Kikubaaqudgha
Makhleb
Nemelex Xobeh
Okawaru
Qazlal
Ru
Sif Muna
Trog
Uskayaw
Vehumet
Xom
Zin
The Shining One

Annotations:
D:4 Duvessa


Innate Abilities, Weirdness & Mutations

Your plain brown scales are hard. (AC +6)
You cannot fit into any form of body armour.
You are cold-blooded and may be slowed by cold attacks.


Message History

Duvessa hits you with a +0 short sword!
Unknown command.
You hit Duvessa.
Your tail-slap misses Duvessa.
Duvessa is severely wounded.
Duvessa barely misses you. Duvessa hits you but does no damage.
Unknown command.
You hit Duvessa but do no damage.
Duvessa is severely wounded.
Duvessa hits you with a +0 short sword!
Unknown command.
You hit Duvessa.
Duvessa is severely wounded.
Duvessa closely misses you.
You aren't carrying any items that you can evoke.
You hit Duvessa.
Duvessa is severely wounded.
Duvessa hits you but does no damage.
Unknown command.
You hit Duvessa.
Duvessa is almost dead.
Duvessa closely misses you.
Unknown command.
You hit Duvessa but do no damage.
Duvessa is almost dead.
Duvessa completely misses you. Duvessa hits you with a +0 short sword!
* * * LOW HITPOINT WARNING * * *
Unknown command.
You hit Duvessa.
Duvessa is almost dead.
Duvessa hits you with a +0 short sword.
* * * LOW HITPOINT WARNING * * *
Unknown command.
You hit Duvessa but do no damage.
Duvessa is almost dead.
Duvessa barely misses you.
Unknown command.
You hit Duvessa.
Your tail-slap misses Duvessa.
Duvessa is almost dead.
Duvessa hits you with a +0 short sword!
You die...

###.....#..#.###...##
#.'........#.#....... #
#.#..†.....#.#.#####. #.
#.#........#.#.#÷....
#..#.......#..#.#..)####
#..........#..#.##..###.
###.....>.'............
#...)e..##.#####.#...
#.).@...##.#####.#.##
#..)....##.......#.##
#.......########.....
#.......#........#..#
#.......#.##.....#..#
#.......#.##)....##.#
#.......#...#..#..#.#
#.......#....#....#.#
#.....#######


You could see Duvessa (berserk).

Vanquished Creatures
  Sigmund (D:3)
  A necrophage (D:3)
  Dowan (D:4)
  Jessica (D:3)
  2 adders (D:2)
  3 worms
  4 dart slugs
  4 orcs
  4 ball pythons
  3 endoplasms
  5 giant cockroaches
  7 goblins
  8 hobgoblins
  4 quokkas
  2 bats (D:2)
  2 frilled lizards
  8 kobolds
  8 rats
68 creatures vanquished.

Notes
Turn   | Place    | Note
-------+----------+-------------------------------------------
     0 | D:1      | hikkokomori the Draconian Air Elementalist began the quest
                  | for the Orb.
     0 | D:1      | Reached XP level 1. HP: 14/14 MP: 3/3
     2 | D:1      | Noticed a troll
     2 | D:1      | Noticed a vine stalker
     4 | D:1      | Noticed a formicid
     4 | D:1      | Noticed an ogre
     6 | D:1      | Noticed a demigod
     8 | D:1      | Noticed a felid
     8 | D:1      | Noticed a merfolk
    10 | D:1      | Noticed a palentonga
    10 | D:1      | Noticed a vampire
    12 | D:1      | Noticed an elf
    12 | D:1      | Noticed a tengu
    14 | D:1      | Noticed a meteoran
    14 | D:1      | Noticed a ghoul
    16 | D:1      | Noticed a draconian
    16 | D:1      | Noticed a human
    18 | D:1      | Noticed an octopode
    18 | D:1      | Noticed a minotaur
    20 | D:1      | Noticed a spriggan
    20 | D:1      | Noticed a gargoyle
    22 | D:1      | Noticed a demonspawn
    22 | D:1      | Noticed a naga
    26 | D:1      | Noticed a tengu
   332 | D:1      | Reached skill level 1 in Fighting
   367 | D:1      | Reached XP level 2. HP: 23/23 MP: 5/5
  1467 | D:1      | Learned a level 2 spell: Static Discharge
  1680 | D:2      | Reached XP level 3. HP: 27/29 MP: 3/6
  2670 | D:2      | Reached XP level 4. HP: 33/37 MP: 4/7
  2849 | D:3      | Noticed a necrophage
  2859 | D:3      | Killed a necrophage
  3090 | D:3      | Noticed Sigmund
  3112 | D:3      | Killed Sigmund
  3113 | D:3      | Reached skill level 5 in Air Magic
  3113 | D:3      | Reached XP level 5. HP: 18/47 MP: 3/8
  3113 | D:3      | Reached XP level 6. HP: 20/53 MP: 3/9
  3433 | D:3      | Noticed Jessica
  3450 | D:3      | Killed Jessica
  3749 | D:3      | Found a burning altar of Makhleb.
  3753 | D:3      | Found an iron altar of Okawaru.
  3755 | D:3      | Found a shadowy altar of Dithmenos.
  3755 | D:3      | Found a broken altar of Ashenzari.
  3755 | D:3      | Found a white marble altar of Elyvilon.
  3755 | D:3      | Found a snail-covered altar of Cheibriados.
  3755 | D:3      | Found a hide-covered altar of Uskayaw.
  3756 | D:3      | Found an ancient bone altar of Kikubaaqudgha.
  3761 | D:3      | Found a blossoming altar of Fedhas.
  3764 | D:3      | Found a shimmering blue altar of Sif Muna.
  4051 | D:4      | Found a staircase to the Ecumenical Temple.
  4058 | Temple   | Entered the Ecumenical Temple
  4082 | Temple   | Became a worshipper of Vehumet
  4185 | D:5      | Entered Level 5 of the Dungeon
  4665 | D:4      | Noticed Duvessa
  4667 | D:4      | Noticed Dowan
  4676 | D:4      | Killed Dowan
  4677 | D:4      | Reached skill level 5 in Fighting
  4689 | D:4      | Slain by Duvessa

Illustrated notes

Levels and vault maps discovered:
D:1:      kb_arrival_jail, layout_loops_cross, grunt_decor_mini_mirrors
D:2:      layout_basic, kennysheep_generic_room_12
D:3:      layout_basic, minitemple, uniq_jessica, uniq_sigmund
D:4:      layout_basic, minmay_temple_entry_nine_rooms,
          chequers_decorated_corner, hangedman_abyss_or_decor_jellyfish_corner,
          uniq_duvessa
D:5:      layout_loops_ring, jmf_multi_god_temple
Temple:   hellmonk_temple_forest_ring

Skill      XL: |  1  2  3  4  5  6 |
---------------+-------------------+-----
Fighting       | 1 2 4 5 |  5.0
Air Magic      | 4 5 |  5.5
Dodging        | |  1.7
Stealth        | |  1.7
Spellcasting   | |  2.0
Conjurations   | |  1.4

Action                   |  1- 3 |  4- 6 || total
-------------------------+-------+-------++-------
Melee: Short sword       |    86 |    86 ||   172
       Unarmed           |     8 |       ||     8
       Tailslap          |    15 |    15 ||    30
       Punch             |     1 |     2 ||     3
 Cast: Shock             |    21 |       ||    21
       Static Discharge  |    18 |    23 ||    41
  Use: Potion            |       |     4 ||     4
 Stab: Sleeping          |     3 |       ||     3
Armor: Skin              |    28 |    30 ||    58
Dodge: Dodged            |    68 |    57 ||   125
